 Dungeon Crawl Stone Soup version 0.27-a0-1232-gc6a4cbde82 (webtiles) character file.

Game seed: 13038685416034586653

186 ZappyNine the Skirmisher (level 5, -1/57 HPs)
             Began as an Ogre Fighter on June 8, 2021.
             Slain by Natasha (3 damage)
             ... on level 4 of the Dungeon.
             The game lasted 00:04:13 (4030 turns).

ZappyNine the Skirmisher (Ogre Fighter)             Turns: 4030, Time: 00:04:13

Health: -1/57      AC:  3    Str: 22    XL:     5   Next: 66%
Magic:  5/5        EV:  8    Int:  9    God:
Gold:   116        SH:  8    Dex:  9    Spells: 4/4 levels left

rFire    + . .     SeeInvis .   a - +0 flail
rCold    . . .     Faith    .   c - +0 kite shield
rNeg     . . .     Spirit   .   b - +0 robe
rPois    .         Reflect  .   (helmet restricted)
rElec    .         Harm     .   (no cloak)
rCorr    .         Rampage  .   (gloves unavailable)
Will     .....                  (boots unavailable)
Stlth    +.........             (no amulet)
HPRegen  0.19/turn              i - ring of protection from fire
MPRegen  0.09/turn              (no ring)

@: mighty
A: large, unfitting armour, tough skin 1, strong 1, wild magic 1, no potion heal
1
a: no special abilities


You were on level 4 of the Dungeon.
You visited 1 branch of the dungeon, and saw 4 of its levels.

You collected 116 gold pieces.

Inventory:

Hand Weapons
 a - a +0 flail (weapon)
Missiles
 h - 3 silver boomerangs (quivered)
Armour
 b - a +0 robe (worn)
 c - a +0 kite shield (worn)
Jewellery
 i - a ring of protection from fire (left hand)
 n - a ring of poison resistance
Scrolls
 e - a scroll of acquirement {unknown}
 f - a scroll of teleportation {unknown}
 g - a scroll of enchant armour {unknown}
Potions
 j - 2 potions of flight


   Skills:
 + Level 5.3 Fighting
 * Level 3.9 Maces & Flails
 + Level 2.1 Throwing
 - Level 2.6 Dodging
 - Level 2.6 Shields


You had 4 spell levels left.
You didn't know any spells.
Your spell library contained the following spells:

 Spells                   Type           Power      Damage    Failure   Level
 Animate Skeleton         Necr           0%         N/A       89%         1
 Apportation              Tloc           0%         N/A       89%         1
 Corona                   Hex            0%         N/A       89%         1
 Pain                     Necr           0%         1d4       89%         1
 Summon Small Mammal      Summ           0%         N/A       89%         1
 Corpse Rot               Necr/Air       N/A        N/A       96%         2
 Iskenderun's Mystic Bla  Conj/Tloc      0%         2d3       100%        4
 Excruciating Wounds      Necr           0%         N/A       100%        5
 Borgnjor's Revivificati  Necr           0%         N/A       100%        8
 Infestation              Necr           0%         N/A       100%        8
 Necromutation            Tmut/Necr      0%         N/A       100%        8
 Death's Door             Necr           0%         N/A       100%        9


Dungeon Overview and Level Annotations

Branches:
Dungeon (4/15)             Temple (0/1) D:4

Altars:

Shops:
D:2 (   D:3 =:!

Annotations:
D:4 Natasha


Innate Abilities, Weirdness & Mutations

You are too large for most types of armour.
You have tough skin. (AC +1)
Your muscles are strong. (Str +2)
Your spells are a little harder to cast, but a little more powerful.
Potions are less effective at restoring your health.


Message History

You miss the crimson imp.
The crimson imp is moderately wounded.
The crimson imp hits you.
You closely miss the crimson imp.
The crimson imp is moderately wounded.
The crimson imp blinks!
Natasha howls an incantation.
You feel disoriented. You block the ball python's attack.
The crimson imp is pulled toward you!
You sock the ball python!
You kill the ball python!
The crimson imp disappears in a puff of smoke!
You closely miss the shadow imp.
The shadow imp disappears in a puff of smoke!
The shadow imp hits you.
* * * LOW HITPOINT WARNING * * *
You block the shadow imp's attack.
You sock the shadow imp!
The shadow imp is almost dead.
The shadow imp hits you.
* * * LOW HITPOINT WARNING * * *
You feel less attractive to monsters.
You barely miss the shadow imp.
The shadow imp is almost dead.
The shadow imp barely misses you. The shadow imp hits you.
* * * LOW HITPOINT WARNING * * *
You sock the shadow imp!
You kill the shadow imp!
You barely miss Natasha.
Natasha is moderately wounded.
Natasha wildly gestures.
Natasha glows brightly for a moment.
You block Natasha's attack.
Natasha stares at you and mumbles some strange words.
The magic dart hits you!
* * * LOW HITPOINT WARNING * * *
You barely miss Natasha.
Natasha is moderately wounded.
Natasha claws you.
You die...

#...##.####.....##............
....##...##....###.###........
.#...#...#...# ###.##.........
##.....#.....###.#..##........
.#.....####...................
...###.[ ##....##............
... #.## #..#.####.........##
... #.. ##..####...#.##....#
.. #....@h...### ##...
#.##.##...# ... ..#..##....#
.. .......#.#=....
#....#..##..... ##...#..#
#...... ##.....# >.....
##....# #..... #.. .....


You could see Natasha.

Vanquished Creatures
  A phantom (D:4)
  An iguana (D:4)
  2 worms (D:2)
  4 dart slugs
  2 orcs
  6 ball pythons
  2 bats
  6 endoplasms
  5 giant cockroaches
  11 goblins
  4 hobgoblins
  3 jackals (D:2)
  4 quokkas
  2 frilled lizards
  4 kobolds
  7 rats
64 creatures vanquished.

Notes
Turn   | Place    | Note
-------+----------+-------------------------------------------
     0 | D:1      | ZappyNine the Ogre Fighter began the quest for the Orb.
     0 | D:1      | Reached XP level 1. HP: 24/24 MP: 1/1
   291 | D:1      | Reached XP level 2. HP: 17/32 MP: 2/2
  1253 | D:2      | Reached XP level 3. HP: 37/40 MP: 3/3
  1410 | D:2      | Found Cote's Weapon Shop.
  1646 | D:2      | Identified the Almanac of the Lethal Compass
  1999 | D:2      | Reached skill level 1 in Throwing
  2373 | D:3      | Reached XP level 4. HP: 43/49 MP: 4/4
  2550 | D:3      | Found Rooloca's Jewellery Emporium.
  2971 | D:3      | Found Wow Ekk's Book Emporium.
  3057 | D:3      | Found Digaxtet's Distillery.
  3325 | D:3      | Gained mutation: Your spells are a little harder to cast,
                  | but a little more powerful. [potion of mutation]
  3325 | D:3      | Gained mutation: Potions are less effective at restoring
                  | your health. [potion of mutation]
  3325 | D:3      | Gained mutation: Your muscles are strong. (Str +2) [potion
                  | of mutation]
  3358 | D:4      | Noticed a phantom
  3360 | D:4      | Found a staircase to the Ecumenical Temple.
  3381 | D:4      | Killed a phantom
  3382 | D:4      | Reached skill level 5 in Fighting
  3382 | D:4      | Reached XP level 5. HP: 5/57 MP: 5/5
  3388 | D:4      | HP: 2/57 [hobgoblin (1)]
  3393 | D:4      | HP: 1/57 [ball python (1)]
  3996 | D:4      | Noticed Natasha
  4029 | D:4      | HP: 2/57 [Natasha/magic dart (9)]
  4030 | D:4      | Slain by Natasha

Illustrated notes

Levels and vault maps discovered:
D:1:      denvon_arrival_planthouse, layout_basic, minmay_misc_feat_cross,
          minmay_domino_2
D:2:      layout_basic, serial_shops, shop, minmay_misc_feat_rows
D:3:      layout_loops_ring, serial_shops, shop, shop,
          nicolae_shop_window_shopping
D:4:      layout_cave_pools, kennysheep_little_box, minitemple,
          minmay_temple_entry_statues, hangedman_abyss_or_decor_lesser_grid,
          ebering_dispersal_statue_hall, uniq_natasha

Skill      XL: |  1  2  3  4 |
---------------+-------------+-----
Maces & Flails | 2 3 |  3.9
Throwing       | 1 2 |  2.1
Fighting       | 5 |  5.3
Dodging        | |  2.6
Shields        | |  2.6

Action                   |  1- 3 |  4- 6 || total
-------------------------+-------+-------++-------
Melee: Flail             |   145 |   109 ||   254
  Use: Scroll            |       |     5 ||     5
       Potion            |       |     6 ||     6
 Stab: Sleeping          |     1 |     1 ||     2
       Invisible         |       |     1 ||     1
Armor: Robe              |    60 |    32 ||    92
Dodge: Dodged            |    58 |    55 ||   113
Block: Kite shield       |    71 |    63 ||   134

Table legend: (Time is in decaauts)
 A = Elapsed time spent in this place.
 B = Non-inter-level travel time spent in this place.
 C = Inter-level travel time spent in this place.
 D = Time resting spent in this place.
 E = Time spent auto-exploring this place.
 F = Levels seen in this place.
 G = Mean time per level.
                   A        B        C        D        E       F      G
               +--------+--------+--------+--------+--------+-----+--------+
         Total |   4147 |   4030 |    117 |    792 |   2634 |   4 | 1036.8 |
       Dungeon |   4147 |   4030 |    117 |    792 |   2634 |   4 | 1036.8 |
               +--------+--------+--------+--------+--------+-----+--------+

Top non-repeatable levels by time:
     D:3: 1419 daAuts
     D:1: 1288 daAuts
     D:2: 1107 daAuts
     D:4: 333 daAuts
